 Dungeon Crawl Stone Soup version 0.23.2-33-g5129a83184 (webtiles) character file.

Game seed: 131868725651971464

84 beigtais the Conjurer (level 4, -1/31 HPs)
             Began as a Demonspawn Conjurer on July 1, 2019.
             Slain by Grinder (10 damage)
             ... while paralysed by Grinder
             ... on level 3 of the Dungeon on July 15, 2019.
             The game lasted 00:11:47 (2601 turns).

beigtais the Conjurer (Demonspawn Conjurer)         Turns: 2601, Time: 00:11:48

Health: -1/31      AC:  3    Str:  5 (8)  XL:     4   Next: 24%
Magic:  1/7        EV:  2    Int: 16 (17) God:
Gold:   126        SH:  0    Dex: 12 (14) Spells: 1/8 levels left

rFire    . . .     SeeInvis +   d - +0 dagger
rCold    . . .     Gourm    .   (no shield)
rNeg     . . .     Faith    .   a - +1 robe
rPois    .         Spirit   .   (no helmet)
rElec    .         Reflect  .   g - scarf {cloud immunity}
rCorr    .         Harm     .   (no gloves)
MR       .....                  (no boots)
Stlth    +++.......             (no amulet)
HPRegen  0.10/turn              b - ring of see invisible
MPRegen  0.10/turn              (no ring)

@: paralysed, very slightly contaminated
A: nightstalker 1, rot immunity
a: no special abilities


You were on level 3 of the Dungeon.
You were not hungry.

You visited 1 branch of the dungeon, and saw 3 of its levels.

You collected 126 gold pieces.

Inventory:

Hand Weapons
 d - a +0 dagger (weapon)
Missiles
 e - 28 sling bullets
 f - 9 poisoned needles
 h - 86 stones (quivered)
 i - 7 curare-tipped needles
Armour
 a - a +1 robe (worn)
 g - a scarf of cloud immunity (worn)
Jewellery
 b - a ring of see invisible (left hand)
Scrolls
 k - 2 scrolls of remove curse
Potions
 m - 2 potions of flight
Comestibles
 c - 4 rations


   Skills:
 * Level 0.9 Fighting
 * Level 0.3 Short Blades
 * Level 2.0 Dodging
 * Level 2.4 Stealth
 * Level 2.5 Spellcasting
 * Level 4.8 Conjurations


You had one spell level left.
You knew the following spells:

 Your Spells              Type           Power        Failure   Level  Hunger
a - Magic Dart            Conj           ###.         2%          1    #......
b - Searing Ray           Conj           ###...       4%          2    ##.....
c - Fulminant Prism       Conj/Hex       #.........   58%         4    #####..

Your spell library contained the following spells:

 Spells                   Type           Power        Failure   Level  Hunger
 Dazzling Spray           Conj/Hex       #.....       22%         3    ###....
 Iskenderun's Mystic Bla  Conj           ###.....     26%         4    #####..
 Force Lance              Conj/Tloc      #.......     58%         4    #####..


Dungeon Overview and Level Annotations

Branches:
Dungeon (3/15)

Altars:

Annotations:
D:3 Grinder


Innate Abilities, Weirdness & Mutations

You are slightly more attuned to the shadows.
You are immune to rotting.


Message History

Aim: Grinder The searing ray hits Grinder.
Grinder is lightly wounded. (Press . to maintain the ray.) Grinder gestures at you.
Pain shoots through your body!
The searing ray hits Grinder but does no damage.
Grinder is lightly wounded.
The searing ray misses Grinder.
Grinder hits you.
The searing ray misses Grinder.
You finish channeling your searing ray.
Grinder hits you!
Level annotation: Grinder Welcome back, beigtais the Demonspawn Conjurer.
Press ? for a list of commands and other information.
Grinder gestures at you.
You suddenly lose the ability to move!
Grinder hits you!
* * * LOW HITPOINT WARNING * * *
Grinder hits you!
You die...

######### .# #.......#
.## ## #.#####.# ..
... #.# #.# .#...# #.#
###.##### ##.#..[. #.#
#.......###.......
#.###.#.###..@5.....$>
#.......# #####$....(.
#####.### ##.#...# #.#
.# ..# ##.## .# ##
##...## +#
#####.#.#.##
#..........#
#.###..#..##


You could see Grinder.

Vanquished Creatures
  2 adders (D:2)
  An ooze (D:3)
  A worm (D:2)
  A dart slug (D:1)
  A leopard gecko (D:1)
  7 bats
  3 giant cockroaches
  6 goblins
  11 hobgoblins
  2 jackals (D:1)
  7 kobolds
  3 ball pythons
  2 frilled lizards
  2 rats
49 creatures vanquished.

Notes
Turn   | Place    | Note
-------+----------+-------------------------------------------
     0 | D:1      | beigtais the Demonspawn Conjurer began the quest for the
                  | Orb.
     0 | D:1      | Reached XP level 1. HP: 13/13 MP: 3/3
   183 | D:1      | Gained mutation: You are slightly more attuned to the
                  | shadows. [demonic ancestry]
   183 | D:1      | Reached XP level 2. HP: 19/19 MP: 0/5
   691 | D:1      | Learned a level 2 spell: Searing Ray
  1030 | D:1      | Gained mutation: You are immune to rotting. [demonic
                  | ancestry]
  1030 | D:1      | Reached XP level 3. HP: 24/24 MP: 0/6
  1966 | D:2      | Reached XP level 4. HP: 26/31 MP: 4/7
  2536 | D:3      | Noticed Grinder
  2544 | D:3      | Learned a level 4 spell: Fulminant Prism
  2588 | D:3      | Paralysed by Grinder for 4 turns
  2598 | D:3      | Paralysed by Grinder for 5 turns
  2601 | D:3      | Slain by Grinder

Skill      XL: |  1  2  3 |
---------------+----------+-----
Stealth        | 2 |  2.4
Dodging        | 2 |  2.0
Fighting       | |  0.9
Short Blades   | |  0.3
Spellcasting   | |  2.5
Conjurations   | |  4.8

Action                   |  1- 3 |  4- 6 || total
-------------------------+-------+-------++-------
Melee: Dagger            |    19 |     2 ||    21
Throw: Stone             |     1 |     1 ||     2
 Cast: Magic Dart        |    76 |     9 ||    85
       Searing Ray       |     1 |     1 ||     2
  Use: Scroll            |     5 |     1 ||     6
       Potion            |     1 |     3 ||     4
 Stab: Sleeping          |     7 |     2 ||     9
  Eat: Chunk             |     4 |     1 ||     5
       Ration            |       |     1 ||     1
Armor: Robe              |     7 |     1 ||     8
Dodge: Dodged            |    23 |     4 ||    27
